 Dungeon Crawl Stone Soup version 0.20-a0-1026-gc3ddcbd (webtiles) character file.

54 Benedictae the Vexing (level 3, -5/16 HPs)
             Began as a Spriggan Enchanter on Apr 20, 2017.
             Slain by a kobold
             ... wielding a +2 short sword of electrocution
              (17 damage)
             ... on level 2 of the Dungeon.
             The game lasted 00:03:02 (1928 turns).

Benedictae the Vexing (Spriggan Enchanter)          Turns: 1928, Time: 00:03:03

Health: -5/16      AC:  9    Str:  4    XL:     3   Next: 66%
Magic:  9/9        EV: 18    Int: 17    God:
Gold:   85         SH:  0    Dex: 16    Spells: 0/9 levels left

rFire    . . .     SeeInvis +   g - +1 dagger (protect)
rCold    . . .     Gourm    .   (shield restricted)
rNeg     . . .     Faith    .   b - +0 robe
rPois    .         Spirit   .   (helmet restricted)
rElec    .         Reflect  .   (no cloak)
rCorr    .         Harm     .   (gloves unavailable)
MR       .....                  (boots unavailable)
Stlth    +++.......             (no amulet)
Regen    0.1/turn               (no ring)
MPRegen  0.2/turn               (no ring)

@: protection aura, very quick
A: unfitting armour, see invisible, herbivore 3, speed 3, slow metabolism 2
a: no special abilities


You were on level 2 of the Dungeon.
You were not hungry.

You visited 1 branch of the dungeon, and saw 2 of its levels.

You collected 85 gold pieces.

Inventory:

Hand Weapons
 a - a +1 dagger
 g - a +1 dagger of protection (weapon)
Armour
 b - a +0 robe (worn)
Jewellery
 k - an uncursed ring of ice
Scrolls
 e - 3 scrolls of remove curse {unknown}
 i - a scroll of teleportation {unknown}
 j - 2 scrolls of amnesia {unknown}
 n - a scroll of immolation {unknown}
 p - 2 scrolls of identify {unknown}
Potions
 f - a potion of lignification {unknown}
 h - a potion of curing {unknown}
 l - a potion of flight {unknown}
 m - a potion of degeneration {unknown}
Books
 c - a book of Maledictions

   Spells                             Type                      Level
   a - Corona                         Hexes                        1
   b - Ensorcelled Hibernation        Hexes/Ice                    2
   c - Confuse                        Hexes                        3
   d - Tukima's Dance                 Hexes                        3
   e - Dazzling Spray                 Conjuration/Hexes            3
Comestibles
 d - a bread ration
 o - a fruit


   Skills:
 - Level 1.1 Short Blades
 - Level 3.0 Dodging
 - Level 4.4 Stealth
 + Level 3.9 Spellcasting
 + Level 4.8 Hexes


You couldn't memorise any spells.
You knew the following spells:

 Your Spells              Type           Power        Failure   Level  Hunger
a - Ensorcelled Hibernat  Hex/Ice        ##....       9%          2    ##.....
b - Corona                Hex            ###....      2%          1    None
c - Confuse               Hex            ###.....     6%          3    ###....
d - Tukima's Dance        Hex            ###.....     6%          3    ###....


Dungeon Overview and Level Annotations

Branches:
Dungeon (2/15)

Altars:


Innate Abilities, Weirdness & Mutations

You are very small and have problems with some larger weapons.
You are too small for most types of armour.
You have supernaturally acute eyesight. (SInv)
You are a herbivore.
You cover ground extremely quickly.
You need consume almost no food.


Message History

The goblin hits you but does no damage.
A kobold comes into view.
It is wielding a short sword of electrocution.
The kobold shouts!
You hit the goblin.
Your weapon exudes an aura of protection.
The goblin is severely wounded.
The goblin closely misses you.
You closely miss the goblin.
The goblin is severely wounded.
The goblin misses you.
You hit the goblin.
You kill the goblin!
The kobold throws a stone.
The stone hits you but does no damage.
You see here a dagger.
You hit the kobold.
The kobold is severely wounded.
The kobold hits you with a short sword of electrocution.
You are electrocuted!
Ouch! That really hurt!
You die...

######## #.......
#....... #....... #.
#....... #.## #...)...
#..>####### #.......
#..K@.....########.#.
##...####.....###....
##...###.....().....
####.......###....###.
........#########..##.
..####.......# ##>.##
#...###.# ##... ###.#
#.## ###. #.###..## ##


You could see a kobold.

Vanquished Creatures
  An adder (D:2)
  A worm (D:2)
  7 bats
  2 giant cockroaches (D:1)
  6 goblins
  8 hobgoblins
  2 jackals (D:2)
  A ball python (D:1)
  2 frilled lizards
  4 kobolds
  3 rats (D:1)
37 creatures vanquished.

Notes
Turn   | Place    | Note
-------+----------+-------------------------------------------
     0 | D:1      | Benedictae the Spriggan Enchanter began the quest for the Orb.
     0 | D:1      | Reached XP level 1. HP: 9/9 MP: 5/5
   275 | D:1      | Reached XP level 2. HP: 13/13 MP: 7/7
   279 | D:1      | Learned a level 2 spell: Ensorcelled Hibernation
  1304 | D:2      | Reached XP level 3. HP: 16/16 MP: 9/9
  1309 | D:2      | Learned a level 3 spell: Confuse
  1313 | D:2      | Learned a level 3 spell: Tukima's Dance
  1928 | D:2      | Slain by a kobold

Vault maps used:
D:1:      shiori_arrival_elements
D:2:      grunt_temple_overflow_growth_and_decay, first_bread

Skill      XL: |  1  2 |
---------------+-------+-----
Spellcasting   | 3 |  3.9
Hexes          | 4 |  4.8
Short Blades   | |  1.1
Dodging        | |  3.0
Stealth        | |  4.4

Action                   || total
-------------------------++-------
Melee: Dagger            ||   175
 Cast: Corona            ||     1
       Ensorcelled Hiber ||     3
 Stab: Sleeping          ||     9
Armor: Robe              ||    43
Dodge: Dodged            ||   163
